 Dungeon Crawl Stone Soup version 0.28-a0-863-g8cecda6153 (webtiles) character file.

Game seed: 13983969526142226563

489 cal3b6 the Grave Robber (level 6, -3/49 HPs)
             Began as a Deep Dwarf Necromancer on Nov 19, 2021.
             Killed from afar by a white imp (12 damage)
             ... with a puff of frost
             ... on level 4 of the Dungeon.
             The game lasted 00:14:09 (4945 turns).

cal3b6 the Grave Robber (Deep Dwarf Necromancer)    Turns: 4945, Time: 00:14:09

Health: -3/49      AC:  3    Str: 12    XL:     6   Next: 90%
Magic:  12/12      EV: 12    Int: 17    God:
Gold:   165        SH:  0    Dex: 13    Spells: 8/13 levels left

rFire   . . .      SeeInvis .   f - +0 broad axe
rCold   . . .      Faith    .   (no shield)
rNeg    . . .      Spirit   .   a - +0 robe
rPois   .          Reflect  .   (no helmet)
rElec   .          Harm     .   k - +0 cloak
rCorr   .          Rampage  .   (no gloves)
Will    .....                   (no boots)
Stlth   ++........              (no amulet)
HPRegen 0.00/turn               (no ring)
MPRegen 0.13/turn               (no ring)

@: no status effects
A: damage resistance, heal wounds, sense surroundings 1, no regeneration
a: Heal Wounds


You were on level 4 of the Dungeon.
You visited 1 branch of the dungeon, and saw 4 of its levels.

You collected 165 gold pieces.

Inventory:

Hand Weapons
 f - a +0 broad axe (weapon)
Armour
 a - a +0 robe (worn)
 k - a +0 cloak (worn)
Jewellery
 h - a ring of resist corrosion
Scrolls
 i - a scroll of identify
 j - a scroll of torment {unknown}
 m - a scroll of acquirement {unknown}
 p - a scroll of enchant armour {unknown}
Potions
 b - a potion of resistance
 c - a potion of heal wounds
 d - a potion of attraction {unknown}
 e - a potion of lignification {unknown}
 g - 2 potions of might {unknown}
 l - a potion of degeneration {unknown}
 n - a potion of curing {unknown}
 o - a potion of mutation {unknown}


   Skills:
 + Level 0.2 Fighting
 * Level 2.4 Axes
 + Level 2.7 Dodging
 + Level 2.5 Stealth
 * Level 4.0 Spellcasting
 * Level 6.9 Necromancy


You had 8 spell levels left.
You knew the following spells:

 Your Spells              Type           Power      Damage    Failure   Level
a - Pain                  Necr           100%       1d9       1%          1
b - Animate Skeleton      Necr           52%        N/A       1%          1
c - Vampiric Draining     Necr           26%        2d7       2%          3

Your spell library contained the following spells:

 Spells                   Type           Power      Damage    Failure   Level
 Animate Dead             Necr           13%        N/A       9%          4
 Agony                    Necr           26%        N/A       26%         5


Dungeon Overview and Level Annotations

Branches:
Dungeon (4/15)
 Temple: D:4-7

Altars:

Shops:
D:2 ?


Innate Abilities, Weirdness & Mutations

You are resistant to damage.
You can heal yourself by infusing magical energy.
You passively map a small area around you.
You do not regenerate.


Message History

You see here a +0 leather armour.
A white imp comes into view.
Found 19 stones and 7 gold pieces.
A white imp is nearby!
The white imp shouts, "Scamper away, thou pribbling fat-kidneyed nert!"
The white imp hits you. The white imp freezes you.
Casting: Vampiric Draining (dangerous; 2% risk of failure)
Confirm with . or Enter, or press ? or * to list all spells.
You can't see any susceptible monsters within range! (Use Z to cast anyway.) Unknown command.
Casting: Vampiric Draining (dangerous; 2% risk of failure)
Confirm with . or Enter, or press ? or * to list all spells.
You can't see any susceptible monsters within range! (Use Z to cast anyway.) Unknown command.
Unknown command.
Casting: Vampiric Draining (dangerous; 2% risk of failure)
Confirm with . or Enter, or press ? or * to list all spells.
You can't see any susceptible monsters within range! (Use Z to cast anyway.) Unknown command.
You closely miss the white imp. The white imp hits you.
The white imp freezes you.
You closely miss the white imp. The white imp hits you.
The white imp freezes you. The white imp hits you. The white imp freezes you.
You hit the white imp but do no damage. The white imp misses you.
The white imp gestures at you. The puff of frost hits you.
The white imp shouts, "Out, out, thou frothy two-tin-hat jarkman!"
The white imp gestures at you. The puff of frost hits you!
The white imp gestures at you. The puff of frost hits you!
The white imp gestures at you. The puff of frost hits you.
The white imp gestures at you. The puff of frost hits you!
* * * LOW HITPOINT WARNING * * *
The white imp shouts, "Give up, thou pottle-deep tip-merry toady!"
The white imp gestures at you. The puff of frost hits you!
You die...

#.#.#§.≈..#.# #....
#...##...##.# #.###
#....#...#..## #.#
#.#..##.##...#######.#
#.....#.#..........#.###
#............#####.#.#..
##.#...........# #.#....
##.##.........#.#
#.###.#
#.###...#@#.....# #.#
#.# ##.##..##.##.).##
#.###.# ##.#..#...#...#
#..##.#
##..##...##..######.##..
#..#..≈..#..>....#.####
#..#.≈≈≈.#..####.#.# #
#).#.5≈≈.#..####.#.####
#.†#.≈≈≈.#........)....
#..#..≈..#.#######..#..


You could see a white imp.

Vanquished Creatures
  A black bear (D:4)
  A scorpion (D:4)
  A bullfrog (D:4)
  A hound (D:4)
  An iguana (D:4)
  3 gnolls (D:3)
  A howler monkey skeleton (D:4)
  10 adders
  A river rat (D:3)
  2 worms (D:3)
  A dart slug (D:4)
  An orc (D:3)
  9 ball pythons
  7 bats
  7 endoplasms
  6 giant cockroaches
  9 goblins
  4 hobgoblins
  A jackal (D:3)
  3 quokkas
  4 frilled lizards
  7 kobolds
  5 rats
86 creatures vanquished.

Notes
Turn   | Place    | Note
-------+----------+-------------------------------------------
     0 | D:1      | cal3b6 the Deep Dwarf Necromancer began the quest for the
                  | Orb.
     0 | D:1      | Reached XP level 1. HP: 15/15 MP: 3/3
   247 | D:1      | Reached XP level 2. HP: 22/22 MP: 1/5
   969 | D:2      | Reached skill level 5 in Necromancy
   969 | D:2      | Reached XP level 3. HP: 26/28 MP: 2/6
  1424 | D:2      | Reached XP level 4. HP: 30/36 MP: 1/8
  1642 | D:2      | Found Fifugh's Magic Scroll Shoppe.
  1767 | D:2      | Found a faded altar of an unknown god.
  1886 | D:2      | Learned a level 1 spell: Animate Skeleton
  1890 | D:2      | Learned a level 3 spell: Vampiric Draining
  2130 | D:3      | Reached skill level 6 in Necromancy
  2832 | D:3      | Reached XP level 5. HP: 42/42 MP: 0/9
  3116 | D:3      | Reached skill level 1 in Axes
  4250 | D:4      | Reached XP level 6. HP: 33/49 MP: 3/11
  4945 | D:4      | Killed from afar by a white imp

Illustrated notes

Levels and vault maps discovered:
D:1:      ebering_trefoil_3fold, layout_loops_ring
D:2:      layout_basic, hellmonk_ecumenical_altar_leap_of_faith, serial_shops,
          shop, minivault_24, chequers_jeans
D:3:      layout_loops_corners, gup_sewer_entry_spiral, serial_rivers,
          chequers_serial_rivers_marsh, chequers_serial_rivers_room_b,
          chequers_serial_rivers_room_b, chequers_serial_rivers_micro_c,
          st_stairs_6, minmay_fractal_squares_diagonal_5
D:4:      layout_loops_ring, minmay_fire_ice_demons

Skill      XL: |  1  2  3  4  5  6 |
---------------+-------------------+-----
Spellcasting   | 2 3 4 |  4.0
Necromancy     | 5 6 |  6.9
Axes           | 1 2 |  2.4
Fighting       | |  0.2
Dodging        | |  2.7
Stealth        | |  2.5

Action                   |  1- 3 |  4- 6 || total
-------------------------+-------+-------++-------
Melee: Unarmed           |     4 |       ||     4
       Broad axe         |       |    63 ||    63
 Cast: Pain              |    58 |    36 ||    94
       Vampiric Draining |       |    43 ||    43
  Use: Scroll            |     3 |     1 ||     4
Armor: Robe              |     2 |    29 ||    31
Dodge: Dodged            |    10 |    95 ||   105

Table legend: (Time is in decaauts)
 A = Elapsed time spent in this place.
 B = Non-inter-level travel time spent in this place.
 C = Inter-level travel time spent in this place.
 D = Time resting spent in this place.
 E = Time spent auto-exploring this place.
 F = Levels seen in this place.
 G = Mean time per level.
                   A        B        C        D        E       F      G
               +--------+--------+--------+--------+--------+-----+--------+
         Total |   5025 |   4908 |    117 |   1507 |   2728 |   4 | 1256.2 |
       Dungeon |   5025 |   4908 |    117 |   1507 |   2728 |   4 | 1256.2 |
               +--------+--------+--------+--------+--------+-----+--------+

Top non-repeatable levels by time:
     D:3: 1860 daAuts
     D:4: 1138 daAuts
     D:2: 1090 daAuts
     D:1: 936 daAuts
